 Dungeon Crawl Stone Soup version 0.30-a0-12-gd8047c6341 (webtiles) character file.

Game seed: 17595605840143036733

12827 SensoryNuts the Severer (level 11, -15/99 HPs)
             Began as a Hill Orc Fighter on Aug 23, 2022.
             Killed from afar by a frost giant (34 damage)
             ... with a bolt of cold
             ... on level 11 of the Dungeon.
             The game lasted 00:14:05 (15103 turns).

SensoryNuts the Severer (Hill Orc Fighter)         Turns: 15103, Time: 00:14:06

Health: -15/99     AC: 13    Str: 20    XL:     11   Next: 99%
Magic:  11/11      EV: 12    Int:  8    God:
Gold:   412        SH:  5    Dex: 14    Spells: 10/10 levels left

rFire   . . .      SeeInvis +    q - +1 war axe (drain)
rCold   . . .      Faith    .    c - +0 buckler
rNeg    . . .      Spirit   .    y - +1 acid dragon scales
rPois   .          Reflect  .    (no helmet)
rElec   .          Harm     .    (no cloak)
rCorr   +          Rampage  .    (no gloves)
Will    .....                    (no boots)
Stlth   ++........               (no amulet)
HPRegen 0.26/turn                h - ring of see invisible
MPRegen 0.12/turn                (no ring)

@: no status effects
A: iridescent scales 2, sense surroundings 1
a: no special abilities


You were on level 11 of the Dungeon.
You visited 2 branches of the dungeon, and saw 12 of its levels.
You also visited: Ossuary.

You collected 678 gold pieces.
You spent 266 gold pieces at shops.

Inventory:

Hand Weapons
 a - a +0 war axe of protection
 q - a +1 war axe of draining (weapon)
Armour
 c - a +0 buckler (worn)
 y - +1 acid dragon scales (worn)
Jewellery
 e - a ring of resist corrosion
 g - a ring of flight
 h - a ring of see invisible (left hand)
 s - a +4 ring of protection
Wands
 b - a wand of roots (6)
 p - a wand of flame (11)
 t - a wand of charming (7)
 u - a wand of digging (3)
Scrolls
 f - 2 scrolls of noise
 i - 6 scrolls of butterflies
 k - 2 scrolls of magic mapping
 l - 6 scrolls of teleportation
 r - 3 scrolls of identify
 w - 6 scrolls of vulnerability
Potions
 j - 3 potions of brilliance
 m - 6 potions of flight
 n - a potion of resistance
 o - 2 potions of attraction
 v - 2 potions of degeneration
 x - 2 potions of heal wounds
 z - a potion of magic
 A - 2 potions of curing
 C - a potion of berserk rage {unknown}


   Skills:
 + Level 9.7 Fighting
 * Level 17.2 Axes
 + Level 9.0 Armour
 + Level 4.2 Dodging
 + Level 2.6 Stealth
 + Level 6.4 Shields


You had 10 spell levels left.
You didn't know any spells.
Your spell library contained the following spells:

 Spells                   Type           Power      Damage    Failure   Level
 Summon Small Mammal      Summ           0%         N/A       56%         1
 Static Discharge         Conj/Air       0%         3-3/arc   71%         2
 Sublimation of Blood     Necr           0%         N/A       71%         2
 Call Canine Familiar     Summ           0%         N/A       90%         3
 Dazzling Flash           Conj/Hex       0%         N/A       90%         3
 Gell's Gravitas          Tloc           0%         N/A       90%         3
 Lesser Beckoning         Tloc           0%         N/A       90%         3
 Summon Guardian Golem    Hex/Summ       0%         N/A       90%         3
 Teleport Other           Tloc           0%         N/A       90%         3
 Iskenderun's Mystic Bla  Conj/Tloc      0%         2d3       100%        4
 Petrify                  Tmut/Erth      0%         N/A       100%        4
 Irradiate                Conj/Tmut      0%         3d11      100%        5
 Lightning Bolt           Conj/Air       0%         1d11      100%        5
 Starburst                Conj/Fire      0%         6d3       100%        6
 Maxwell's Capacitive Co  Air            0%         ∞         100%        8


Dungeon Overview and Level Annotations

Branches:
Dungeon (11/15)            Temple (1/1) D:4            Lair (0/5) D:11
    Orc (0/2) D:9         Ossuary (visited)

Altars:
Ashenzari
Cheibriados
Dithmenos
Elyvilon
Fedhas
Gozag
Hepliaklqana
Kikubaaqudgha
Makhleb
Nemelex Xobeh
Okawaru
Qazlal
Ru
Sif Muna
Trog
Uskayaw
Vehumet
Wu Jian
Xom
Yredelemnul
Zin
The Shining One
Beogh

Shops:
D:8 !


Innate Abilities, Weirdness & Mutations

You are mostly covered in iridescent scales. (AC +4)
You passively map a small area around you.


Message History

Unknown command.
Things that are here:
a +2 dagger of speed; a +0 robe You feel a little less mighty now.
m - 6 potions of flight (gained 1)
Found a stone staircase leading down.
There is a stone staircase leading up here.
There is a stone staircase leading down here.
You open the door.
There is an open door here.
You open the door.
There is an open door here.
You open the door.
There is an open door here.
You open the door.
There is an open door here.
A frost giant comes into view.
It is wielding a +2 battleaxe of freezing.
A frost giant is nearby!
A frost giant is nearby!
Okay, then.
As you read the scroll of identify, it crumbles to dust.
B - a scroll of brand weapon
As you read the scroll of brand weapon, it crumbles to dust.
Your +0 war axe projects an invisible shield of force!
a - a +0 war axe of protection The frost giant shouts!
The frost giant points at you and mumbles some strange words.
The bolt of cold hits you!!!
Ouch! That really hurt!
You feel much better.
There is an open door here.
The frost giant casts a spell at you. The bolt of cold hits you!!!
* * * LOW HITPOINT WARNING * * *
A cyclops comes into view.
Found a scroll of magic mapping.
The cyclops shouts!
The frost giant casts a spell at you. The bolt of cold hits you!!
You die...

......# #..........
......# #...........#
......# #..........?#
......######C..........#
......##...'...........#
......'..###.^.........#
>.....#### #...........#
......# #........C..#
####### #....@......#
#############


You could see a frost giant and a cyclops.

Vanquished Creatures
  Nergalle (D:11)
  Pikel (D:4)
  2 kobold demonologists
  A troll (D:10)
  2 wraiths (D:10)
  27 yaks
  A shadow (D:11)
  A wyvern (D:8)
  A vampire (D:10)
  2 acid dragons
  5 water moccasins (D:11)
  Duvessa (D:5)
  A sky beast (D:6)
  5 ice beasts
  6 orc warriors
  A black bear (D:7)
  2 ogres
  3 centaurs
  A kobold brigand (D:7)
  5 bullfrogs
  4 necrophages
  11 scorpions
  A water moccasin zombie (D:5)
  6 wights
  Dowan (D:5)
  12 killer bees
  4 howler monkeys
  A human zombie (Ossuary)
  4 jellies
  3 hounds
  9 orc priests
  3 iguanas
  6 scorpion zombies
  14 orc wizards
  3 mummies (Ossuary)
  Robin (D:2)
  A gnoll (D:3)
  7 adders
  2 shadow imps (D:8)
  An ufetubus (D:6)
  An adder zombie (D:5)
  2 worms (D:3)
  A dart slug (D:1)
  48 orcs
  7 bats
  10 endoplasms
  4 gnoll zombies (Ossuary)
  18 goblins
  9 hobgoblins
  4 jackals (D:2)
  A quokka (D:3)
  8 ball pythons
  A frilled lizard (D:2)
  4 goblin zombies (Ossuary)
  2 hobgoblin zombies (Ossuary)
  16 kobolds
  4 kobold zombies (Ossuary)
  2 orc zombies (Ossuary)
  5 rats
310 creatures vanquished.

Vanquished Creatures (collateral kills)
  An orc (D:3)
  A ball python (D:3)
2 creatures vanquished.

Vanquished Creatures (others)
  A manticore (D:11)
  A bush (D:5)
  31 fungi (D:11)
  45 plants
78 creatures vanquished.

Grand Total: 390 creatures vanquished

Notes
Turn   | Place    | Note
-------+----------+-------------------------------------------
     0 | D:1      | SensoryNuts the Hill Orc Fighter began the quest for the
                  | Orb.
     0 | D:1      | Reached XP level 1. HP: 19/19 MP: 1/1
   194 | D:1      | Reached XP level 2. HP: 26/27 MP: 2/2
   405 | D:1      | Found a faded altar of an unknown god.
  1255 | D:2      | You fall into a shaft and drop 1 floor!
  1272 | D:3      | Reached skill level 3 in Axes
  1272 | D:3      | Reached XP level 3. HP: 31/33 MP: 3/3
  1489 | D:2      | Noticed Robin
  1496 | D:2      | Killed Robin
  1497 | D:2      | Reached XP level 4. HP: 30/40 MP: 4/4
  2233 | D:3      | Reached skill level 4 in Axes
  2315 | D:3      | Reached XP level 5. HP: 25/47 MP: 5/5
  2539 | D:3      | Found a sacrificial altar of Ru.
  2985 | D:3      | Reached skill level 5 in Axes
  2994 | D:3      | Reached skill level 5 in Armour
  3335 | D:3      | Reached XP level 6. HP: 51/53 MP: 6/6
  3593 | D:3      | Identified the +6 trident "Tiubeeb" {speed, Will+ rCorr
                  | Dex+2}
  3844 | D:4      | Found an iron altar of Okawaru.
  3962 | D:4      | Found a staircase to the Ecumenical Temple.
  3986 | Temple   | Entered the Ecumenical Temple
  4226 | D:4      | Reached skill level 6 in Axes
  4459 | D:4      | Noticed Pikel
  4477 | D:4      | Killed Pikel
  4478 | D:4      | Reached skill level 5 in Fighting
  4478 | D:4      | Reached skill level 7 in Axes
  4478 | D:4      | Reached skill level 1 in Dodging
  4478 | D:4      | Reached XP level 7. HP: 24/61 MP: 7/7
  4478 | D:4      | Reached XP level 8. HP: 27/69 MP: 8/8
  4487 | D:4      | Reached skill level 8 in Axes
  5104 | D:5      | Entered Level 5 of the Dungeon
  5111 | D:5      | Noticed Duvessa
  5112 | D:5      | Noticed Dowan
  5129 | D:5      | Killed Duvessa
  5137 | D:5      | Killed Dowan
  5138 | D:5      | Reached skill level 9 in Axes
  5668 | D:5      | Found a blossoming altar of Fedhas.
  5736 | D:5      | Reached skill level 1 in Stealth
  6262 | D:5      | Reached XP level 9. HP: 77/77 MP: 9/9
  6482 | D:5      | Reached skill level 10 in Axes
  7119 | D:6      | Found a stormy altar of Qazlal.
  7296 | D:6      | Found a sand-covered staircase.
  7324 | D:6      | Identified the +9 dagger of the Badger {drain, rElec rN+
                  | rCorr}
  7348 | Ossuary  | Entered an ossuary
  7380 | Ossuary  | Reached skill level 11 in Axes
  8015 | Ossuary  | Reached skill level 5 in Shields
  8343 | D:6      | Reached skill level 12 in Axes
  8933 | D:6      | Found a hazy altar of Hepliaklqana.
  9296 | D:6      | Gained mutation: You passively map a small area around you.
                  | [potion of mutation]
  9296 | D:6      | Gained mutation: You are partially covered in iridescent
                  | scales. (AC +2) [potion of mutation]
  9296 | D:6      | Gained mutation: You are mostly covered in iridescent
                  | scales. (AC +4) [potion of mutation]
  9588 | D:7      | Reached XP level 10. HP: 81/84 MP: 10/10
  9655 | D:7      | Reached skill level 13 in Axes
  9934 | D:7      | Found a bloodstained altar of Trog.
 10769 | D:8      | Found a white marble altar of Elyvilon.
 11264 | D:8      | Found Ceevav's Distillery.
 11271 | D:8      | Bought a potion of heal wounds for 70 gold pieces
 11271 | D:8      | Bought a potion of heal wounds for 70 gold pieces
 11271 | D:8      | Bought a potion of heal wounds for 70 gold pieces
 11271 | D:8      | Bought a potion of might for 56 gold pieces
 11308 | D:8      | Reached skill level 14 in Axes
 11529 | D:8      | Found a shimmering blue altar of Sif Muna.
 11587 | D:8      | Found a roughly hewn altar of Beogh.
 12040 | D:9      | Reached skill level 15 in Axes
 12221 | D:9      | Reached XP level 11. HP: 94/94 MP: 11/11
 12714 | D:9      | Found a staircase to the Orcish Mines.
 12772 | D:9      | Reached skill level 16 in Axes
 13386 | D:10     | Entered Level 10 of the Dungeon
 13902 | D:10     | Found a glowing golden altar of the Shining One.
 14362 | D:11     | Noticed a manticore
 14378 | D:11     | Killed a manticore
 14476 | D:11     | Found a staircase to the Lair.
 14736 | D:11     | Reached skill level 17 in Axes
 14941 | D:11     | Noticed Nergalle
 14951 | D:11     | Killed Nergalle
 15084 | D:11     | Noticed a frost giant
 15101 | D:11     | Noticed a cyclops
 15103 | D:11     | Killed from afar by a frost giant

Illustrated notes

Levels and vault maps discovered:
D:1:      amcnicky_arrival_abandoned_market, layout_loops_ring,
          shapermc_ecumenical_altar_venn, serial_rivers,
          chequers_serial_rivers_small_3, chequers_serial_rivers_small_b,
          chequers_serial_rivers_room_a, chequers_serial_rivers_micro_d
D:2:      layout_basic, uniq_robin
D:3:      minmay_octagon_keep, layout_basic, nicolae_ru_awakened_eye,
          minmay_misc_feat_pillars
D:4:      layout_loops_ring, mainiacjoe_overflow_24_doors,
          minmay_temple_entry_grid, serial_glass, glass_columns_c,
          glass_columns_a, uniq_pikel
D:5:      layout_loops_corners, fedhas_altar_decomposition, uniq_duvessa
D:6:      layout_basic, general_overflow_altar, grunt_qazlal_clouds,
          nicolae_ossuary_entry_ruins, nrook_loot_triangle
D:7:      layout_rooms, nicolae_overflow_crystal_walls
D:8:      layout_basic, overflow_temple_1_default, kennysheep_mini,
          serial_shops, shop, david_defended_altar_orc
D:9:      layout_basic, orc_0_dummy, mrwooster_statue_mirror
D:10:     layout_loops_cross, amcnicky_altar_gilded
D:11:     layout_roguey, due_lair_maze_entry_diamond, gauntlet_entry_generic,
          minmay_the_grid_2x2 [minmay_the_grid_eight, minmay_the_grid_box_x,
          minmay_the_grid_small_cups, minmay_the_grid_prize_trominoes],
          uniq_nergalle
Temple:   hellmonk_temple_forest_ring

Skill      XL: |  1  2  3  4  5  6  7  8  9 10 11 |
---------------+----------------------------------+-----
Fighting       | 4 5 6 7 8 9 |  9.7
Axes           | 3 4 5 7 9 12 15 17 | 17.2
Armour         | 4 5 6 7 8 9 |  9.0
Dodging        | 1 2 3 4 |  4.2
Shields        | 4 5 6 |  6.4
Stealth        | 1 2 |  2.6

Action                   |  1- 3 |  4- 6 |  7- 9 | 10-12 || total
-------------------------+-------+-------+-------+-------++-------
Melee: War axe           |    74 |   163 |   387 |   490 ||  1114
  Use: Scroll            |       |     8 |     8 |     4 ||    20
       Potion            |       |    10 |     7 |     8 ||    25
 Stab: Invisible         |       |       |       |     7 ||     7
       Sleeping          |       |       |       |     1 ||     1
Armor: Scale mail        |    56 |    85 |   116 |    49 ||   306
       Acid dragon scale |       |       |       |    79 ||    79
Dodge: Dodged            |    36 |    79 |   129 |   191 ||   435
Block: Buckler           |    11 |    30 |    69 |    90 ||   200

Table legend: (Time is in decaauts)
 A = Elapsed time spent in this place.
 B = Non-inter-level travel time spent in this place.
 C = Inter-level travel time spent in this place.
 D = Time resting spent in this place.
 E = Time spent auto-exploring this place.
 F = Levels seen in this place.
 G = Mean time per level.
                   A        B        C        D        E       F      G
               +--------+--------+--------+--------+--------+-----+--------+
         Total |  15030 |  14157 |    873 |    174 |  11786 |  13 | 1156.2 |
       Dungeon |  13860 |  13047 |    813 |    174 |  10897 |  11 | 1260.0 |
        Temple |    197 |    137 |     60 |      0 |    127 |   1 |  197.0 |
       Ossuary |    973 |    973 |      0 |      0 |    762 |   1 |  973.0 |
               +--------+--------+--------+--------+--------+-----+--------+

Top non-repeatable levels by time:
     D:5: 1944 daAuts
     D:3: 1569 daAuts
     D:6: 1551 daAuts
     D:9: 1331 daAuts
     D:8: 1263 daAuts
     D:4: 1203 daAuts
     D:1: 1197 daAuts
     D:7: 1147 daAuts
     D:2: 996 daAuts
 Ossuary: 973 daAuts
    D:10: 941 daAuts
    D:11: 712 daAuts
  Temple: 197 daAuts
